 Dungeon Crawl Stone Soup version 0.30-a0-782-ge64f9170bb (webtiles) character file.

Game seed: 8954733511544770692

4 Goldberg the Covered (level 1, -1/18 HPs)
             Began as a Human Fighter on Feb 19, 2023.
             Slain by a kobold
             ... wielding a +2 dagger of speed
              (4 damage)
             ... on level 1 of the Dungeon.
             The game lasted 00:01:10 (154 turns).

Goldberg the Covered (Human Fighter)                 Turns: 154, Time: 00:01:11

Health: -1/18      AC:  6    Str: 16    XL:     1   Next: 77%
Magic:  1/1        EV:  8    Int:  8    God:
Gold:   9          SH:  4    Dex: 12    Spells: 0/0 levels left

rFire   . . .      SeeInvis .    a - +0 long sword
rCold   . . .      Faith    .    c - +0 buckler
rNeg    . . .      Spirit   .    b - +0 scale mail
rPois   .          Reflect  .    (no helmet)
rElec   .          Harm     .    (no cloak)
rCorr   .          Rampage  .    (no gloves)
Will    .....                    (no boots) Stlth
                                 (no amulet)
HPRegen 0.23/turn                (no ring)
MPRegen 0.07/turn                (no ring)

@: no status effects
A: no striking features
a: no special abilities


You were on level 1 of the Dungeon.
You visited 1 branch of the dungeon, and saw 1 of its levels.

You collected 9 gold pieces.

Inventory:

Hand Weapons
 a - a +0 long sword (weapon)
Armour
 b - a +0 scale mail (worn)
 c - a +0 buckler (worn)
Scrolls
 e - 2 scrolls of identify {unknown}
Potions
 d - a potion of might


   Skills:
 + Level 3.0 Fighting
 + Level 2.0 Long Blades
 + Level 3.2 Armour
 + Level 3.0 Shields


You couldn't memorise any spells.
You didn't know any spells.
Your spell library was empty.

Dungeon Overview and Level Annotations

Branches:
Dungeon (1/15)

Altars:


Message History

The jackal attacks as you move away!
The jackal bites you but does no damage.
The endoplasm hits you but does no damage.
The jackal bites you.
You hit the jackal.
The jackal is moderately wounded.
The jackal barely misses you. You block the jackal's attack.
You hit the jackal.
You kill the jackal!
You hit the endoplasm.
You kill the endoplasm!
The jackal bites you but does no damage.
The kobold throws a stone.
The stone closely misses you.
You hit the jackal.
The jackal is moderately wounded.
The jackal bites you but does no damage. x2
You barely miss the jackal.
The jackal is moderately wounded.
The jackal misses you.
The jackal bites you but does no damage.
The kobold hits you with a +2 dagger of speed.
You closely miss the jackal.
The jackal is moderately wounded.
The jackal bites you but does no damage.
The kobold hits you with a +2 dagger of speed.
The jackal bites you but does no damage.
The kobold hits you with a +2 dagger of speed.
* * * LOW HITPOINT WARNING * * *
You hit the jackal but do no damage.
The jackal is moderately wounded.
The jackal bites you but does no damage.
The kobold hits you but does no damage. The jackal bites you.
* * * LOW HITPOINT WARNING * * *
The kobold hits you but does no damage.
You barely miss the jackal.
The jackal is moderately wounded.
The jackal barely misses you. The kobold barely misses you.
The jackal bites you but does no damage.
The kobold hits you with a +2 dagger of speed.
You die...

################
.......(.......###
...............K.#
####..########.#@#
.........# #.#h###
.##.#.##.#####.#...#
#.#.#
........#......
#.#.#
#..........!.$.
#.#.#
#.###.#.#.###.#
#.#.# #.#.#.# #
#.#.# ....# # #.#.#
.. ..#


You could see a jackal and a kobold.

Vanquished Creatures
  2 endoplasms (D:1)
  A jackal (D:1)
  A frilled lizard (D:1)
4 creatures vanquished.

Notes
Turn   | Place    | Note
-------+----------+-------------------------------------------
     0 | D:1      | Goldberg the Human Fighter began the quest for the Orb.
     0 | D:1      | Reached XP level 1. HP: 18/18 MP: 1/1
   154 | D:1      | Slain by a kobold

Illustrated notes

Levels and vault maps discovered:
D:1:      lemuel_arrival_funnel, layout_loops_ring, serial_shops,
          nicolae_diamond_shop

Action                     || total
---------------------------++-------
  Melee: Long sword        ||    14
 Armour: Scale mail        ||    15
  Dodge: Dodged            ||    12
  Block: Buckler           ||     2

Table legend: (Time is in decaauts)
 A = Elapsed time spent in this place.
 B = Non-inter-level travel time spent in this place.
 C = Inter-level travel time spent in this place.
 D = Time resting spent in this place.
 E = Time spent auto-exploring this place.
 F = Levels seen in this place.
 G = Mean time per level.
                   A        B        C        D        E       F      G
               +--------+--------+--------+--------+--------+-----+--------+
         Total |    158 |    158 |      0 |      0 |      0 |   1 |  158.0 |
       Dungeon |    158 |    158 |      0 |      0 |      0 |   1 |  158.0 |
               +--------+--------+--------+--------+--------+-----+--------+

Top non-repeatable levels by time:
     D:1: 158 daAuts
